 Dungeon Crawl Stone Soup version 0.32-a0-38-gb04dd89b9b (webtiles) character file.

Game seed: 16364033198859009493

1941 senseless the Trooper (level 8, -4/65 HPs)
             Began as a Demonspawn Shapeshifter on Jan 23, 2024.
             Was an Initiate of Gozag.
             Slain by a hornet (10 damage)
             ... while paralysed by a hornet
             ... on level 7 of the Dungeon.
             The game lasted 00:15:28 (5709 turns).

senseless the Trooper (Demonspawn Shapeshifter)     Turns: 5709, Time: 00:15:29

Health: -4/65      AC: 12    Str: 19    XL:     8   Next: 98%
Magic:  8/8        EV:  2    Int: 10    God:    Gozag
Gold:   1293       SH:  0    Dex: 14    Spells: 7/7 levels left

rFire   . .          .
                       - Unarmed
rCold   + . .        (no shield)
rNeg    . . .        w - +4 ring mail of Mustro Giqefi {rCorr Str+3}
rPois   .            (helmet currently unavailable)
rElec   .            (cloak currently unavailable)
rCorr   +            (gloves currently unavailable)
SInv    +            (boots currently unavailable)
Will    .....        u - amulet of the acrobat
Stlth   +            A - ring of protection from cold
HPRegen 0.30/turn    s - ring of see invisible
MPRegen 0.11/turn

%: acrobat
@: paralysed, lethally poisoned (-4 -> -21), beast-form, gold aura, slowed
A: beast (slay +2), slimy green scales 2, ignite blood 3
a: Begin Untransformation, Renounce Religion, Potion Petition, Call Merchant,
Bribe Branch


You were on level 7 of the Dungeon.
You worshipped Gozag.
Gozag was most pleased with you.
You were a hulking beast.
You visited 2 branches of the dungeon, and saw 8 of its levels.

You collected 1293 gold pieces.

Inventory:

Missiles
 o - 6 poisoned darts (quivered)
Armour
 a - a +0 animal skin
 j - a +2 leather armour of cold resistance
 w - the +4 ring mail of Mustro Giqefi (worn) {rCorr Str+3}
   (You found it on level 2 of the Dungeon)

   Str+3:     It affects your strength (+3).
   rCorr:     It protects you from acid and corrosion.
 x - a +2 helmet
 y - a +1 pair of boots
 B - a +0 tower shield
Jewellery
 f - a +6 ring of intelligence
 g - a ring of fire
 p - an amulet of magic regeneration
 s - a ring of see invisible (right hand)
 u - an amulet of the acrobat (around neck)
 A - a ring of protection from cold (left hand)
Talismans
 c - a beast talisman
 d - a flux talisman
Wands
 b - a wand of flame (18)
 i - a wand of roots (7)
 r - a wand of quicksilver (4)
Scrolls
 h - a scroll of torment
Potions
 k - 3 potions of brilliance
 l - a potion of invisibility
 m - a potion of haste
 n - 2 potions of curing
 q - a potion of cancellation {unknown}
 t - a potion of berserk rage {unknown}
 v - a potion of ambrosia
 z - 2 potions of attraction {unknown}


   Skills:
 * Level 6.7 Fighting
 + Level 3.7 Armour
 + Level 4.8 Dodging
 + Level 5.1 Unarmed Combat
 + Level 4.9 Shapeshifting


You had 7 spell levels left.
You didn't know any spells.
Your spell library contained the following spells:

 Spells                   Type           Power      Damage    Failure   Level
 Foxfire                  Conj/Fire      0%         2x1d4     54%         1
 Cigotuvi's Dreadful Rot  Necr/Alch/Air  0%         N/A       67%         2
 Ensorcelled Hibernation  Hex/Ice        0%         N/A       67%         2
 Passwall                 Erth           0%         N/A       88%         3
 Swiftness                Air            0%         N/A       88%         3
 Dispel Undead            Necr           0%         3d6       99%         4
 Martyr's Knell           Necr/Summ      0%         N/A       99%         4
 Death Channel            Necr           0%         N/A       100%        6
 Plasma Beam              Fire/Air       0%         2x1d10    100%        6
 Starburst                Conj/Fire      0%         6d3       100%        6


Dungeon Overview and Level Annotations

Branches:
Dungeon (7/15)             Temple (1/1) D:4

Altars:
Ashenzari
Cheibriados
Dithmenos
Fedhas
Gozag
Hepliaklqana
Kikubaaqudgha
Makhleb
Nemelex Xobeh
Okawaru
Qazlal
Ru
Sif Muna
Trog
Uskayaw
Vehumet
Wu Jian
Xom
Yredelemnul


Innate Abilities, Weirdness & Mutations

You are a hulking beast.
Your limbs bulge with bestial killing power. (Slay +2)
You are mostly covered in slimy green scales. (AC +3)
Your demonic aura causes all spilled blood to erupt in flames.


Message History

You kill the basilisk!
You hit the hornet.
The hornet is lightly wounded.
The hornet closely misses you.
You hit the hornet.
The hornet is moderately wounded.
The hornet barely misses you.
The hornet stings you but does no damage.
You hit the hornet.
The hornet is moderately wounded.
The hornet closely misses you.
You closely miss the hornet.
The hornet is moderately wounded.
The hornet misses you.
You hit the hornet.
The hornet is heavily wounded.
The hornet stings you but does no damage.
The hornet completely misses you.
You punch the hornet!
The hornet is severely wounded.
The hornet stings you.
* * * LOW HITPOINT WARNING * * *
You feel yourself slow down.
You miss the hornet.
The hornet is severely wounded.
The hornet stings you.
* * * LOW HITPOINT WARNING * * *
You suddenly lose the ability to move!
The hornet stings you but does no damage.
The hornet stings you.
* * * LOW HITPOINT WARNING * * *
You are poisoned.
You feel as though you will be slow longer.
You feel sick. The hornet stings you.
* * * LOW HITPOINT WARNING * * *
You are lethally poisoned!
You feel as though you will be slow longer.
The hornet stings you!
You die...
Your body crumbles into a pile of gold.

#..# .# #
..( .#.#
##.(#.#.#
...(...
#..(..
#....
#.$y#
#.h#
#......#
#......#
#.######
.. +#. .
.


You could see a hornet.

Vanquished Creatures
  A basilisk (D:7)
  A water moccasin (D:5)
  An ice beast (D:6)
  A black bear (D:6)
  An ogre (D:5)
  A centaur (D:6)
  5 phantoms
  A bullfrog (D:6)
  3 scorpions (D:5)
  A bombardier beetle (D:5)
  2 hounds
  2 jellies (D:6)
  2 orc priests (D:5)
  6 iguanas
  A sleepcap (D:5)
  Natasha (thrice) (D:2)
  An orc wizard (D:5)
  A gnoll (D:6)
  11 adders
  A white imp (D:5)
  3 dart slugs
  5 ribbon worms
  14 orcs
  4 bats
  13 endoplasms
  4 giant cockroaches
  6 goblins
  10 hobgoblins
  9 jackals
  12 kobolds
  6 quokkas
  4 ball pythons
  3 frilled lizards
  12 rats
151 creatures vanquished.

Notes
Turn   | Place    | Note
-------+----------+-------------------------------------------
     0 | D:1      | senseless the Demonspawn Shapeshifter began the quest for
                  | the Orb.
     0 | D:1      | Reached XP level 1. HP: 15/15 MP: 1/1
   176 | D:1      | Gained mutation: Your demonic aura sometimes causes spilled
                  | blood to erupt in flames. [demonic ancestry]
   176 | D:1      | Reached XP level 2. HP: 4/21 MP: 2/2
   412 | D:1      | Found a faded altar of an unknown god.
   418 | D:1      | Prayed at the altar of an unknown god.
   418 | D:1      | Became a worshipper of Gozag Ym Sagoz the Greedy
   816 | D:1      | Reached XP level 3. HP: 27/27 MP: 3/3
  1147 | D:2      | Noticed Natasha
  1159 | D:2      | Killed Natasha
  1160 | D:2      | Reached skill level 2 in Fighting
  1160 | D:2      | Reached XP level 4. HP: 21/33 MP: 4/4
  1166 | D:2      | Noticed Natasha
  1181 | D:2      | Killed Natasha
  1260 | D:2      | Noticed Natasha
  1267 | D:2      | Killed Natasha
  1512 | D:2      | Gained mutation: You are partially covered in slimy green
                  | scales. (AC +2) [demonic ancestry]
  1512 | D:2      | Reached XP level 5. HP: 39/39 MP: 5/5
  1628 | D:2      | Identified the +4 ring mail of Mustro Giqefi {rCorr Str+3}
  2207 | D:3      | Reached skill level 3 in Fighting
  2850 | D:4      | Found a staircase to the Ecumenical Temple.
  3028 | D:4      | Noticed a phantom
  3043 | D:4      | Killed a phantom
  3044 | D:4      | Reached skill level 1 in Armour
  3044 | D:4      | Gained mutation: Your demonic aura often causes spilled
                  | blood to erupt in flames. [demonic ancestry]
  3044 | D:4      | Reached XP level 6. HP: 47/47 MP: 6/6
  3212 | D:4      | Found a burning altar of Makhleb.
  3397 | D:4      | Found a hide-covered altar of Uskayaw.
  3398 | D:4      | Found a hazy altar of Hepliaklqana.
  3406 | D:4      | Found an ornate altar of the Wu Jian Council.
  3408 | D:4      | Found a snail-covered altar of Cheibriados.
  3409 | D:4      | Found a sacrificial altar of Ru.
  3421 | D:4      | Found a stormy altar of Qazlal.
  3422 | D:4      | Found a radiant altar of Vehumet.
  3550 | D:4      | Found a shadowy altar of Dithmenos.
  3662 | Temple   | Entered the Ecumenical Temple
  3675 | D:5      | Entered Level 5 of the Dungeon
  3718 | D:5      | Noticed a water moccasin
  3726 | D:5      | Killed a water moccasin
  3796 | D:5      | Reached skill level 4 in Fighting
  3796 | D:5      | Gained mutation: Your demonic aura causes all spilled blood
                  | to erupt in flames. [demonic ancestry]
  3796 | D:5      | Reached XP level 7. HP: 54/54 MP: 7/7
  4132 | D:5      | Reached skill level 5 in Fighting
  4182 | D:5      | Gained mutation: You are mostly covered in slimy green
                  | scales. (AC +3) [demonic ancestry]
  4182 | D:5      | Reached XP level 8. HP: 31/62 MP: 8/8
  5150 | D:6      | Reached skill level 6 in Fighting
  5152 | D:6      | Reached skill level 5 in Unarmed Combat
  5678 | D:7      | Noticed a hornet
  5683 | D:7      | Paralysed by a hornet for 1 turns
  5707 | D:7      | Paralysed by a hornet for 3 turns
  5709 | D:7      | Slain by a hornet

Illustrated notes

Levels and vault maps discovered:
D:1:      dpeg_arrival_ratfight, layout_loops_ring,
          ebering_ecumenical_altar_hall, patterned_corridor
D:2:      layout_rooms, uniq_natasha
D:3:      layout_basic, grunt_decor_mini_mirrors, serial_bayou_pond_d
D:4:      layout_rooms, nicolae_overflow_hallway_of_the_gods,
          mainiacjoe_overflow_swirl, minmay_temple_entry_mini_moons,
          kennysheep_another_room, minmay_pentangle
D:5:      layout_basic, st_stairs_8, hangedman_minor_gate_pass
D:6:      layout_rooms, minmay_chambers_of_fives
D:7:      layout_basic, uniq_jeremiah, uniq_duvessa
Temple:   nicolae_temple_god_jail

Skill      XL: |  1  2  3  4  5  6  7  8 |
---------------+-------------------------+-----
Dodging        | 2 3 4 |  4.8
Unarmed Combat | 3 4 5 |  5.1
Shapeshifting  | 3 4 |  4.9
Fighting       | 2 3 4 5 6 |  6.7
Armour         | 1 2 3 |  3.7

Action                     |  1- 3 |  4- 6 |  7- 9 || total
---------------------------+-------+-------+-------++-------
  Melee: Unarmed           |   115 |   214 |   189 ||   518
         Punch             |     3 |     1 |     5 ||     9
  Throw: Dart              |       |     7 |     4 ||    11
    Use: Potion            |     2 |     1 |     3 ||     6
         Scroll            |       |    10 |     4 ||    14
 Armour: Animal skin       |    12 |       |       ||    12
         Skin              |     3 |       |       ||     3
         Leather armour    |    52 |    32 |       ||    84
         Ring mail         |       |    85 |   153 ||   238
  Dodge: Dodged            |    81 |    90 |   114 ||   285

Table legend: (Time is in decaauts)
 A = Elapsed time spent in this place.
 B = Non-inter-level travel time spent in this place.
 C = Inter-level travel time spent in this place.
 D = Time resting spent in this place.
 E = Time spent auto-exploring this place.
 F = Levels seen in this place.
 G = Mean time per level.
                   A        B        C        D        E       F      G
               +--------+--------+--------+--------+--------+-----+--------+
         Total |   5704 |   5536 |    168 |    359 |   4100 |   8 |  713.0 |
       Dungeon |   5703 |   5535 |    168 |    359 |   4100 |   7 |  814.7 |
        Temple |      1 |      1 |      0 |      0 |      0 |   1 |    1.0 |
               +--------+--------+--------+--------+--------+-----+--------+

Top non-repeatable levels by time:
     D:5: 1301 daAuts
     D:1: 1051 daAuts
     D:3: 1027 daAuts
     D:4: 838 daAuts
     D:2: 767 daAuts
     D:6: 686 daAuts
     D:7: 30 daAuts
  Temple: 1 daAuts
